 Dungeon Crawl Stone Soup version 0.30-a0-1082-g70414cbcbb (webtiles) character file.

Game seed: 11777857475148437609

95 CryoSword the Firebug (level 4, -9/33 HPs)
             Began as a Demigod Fire Elementalist on Apr 14, 2023.
             Mangled by Crazy Yiuf
             ... wielding a +3 quarterstaff of chaos
              (17 damage)
             ... on level 2 of the Dungeon.
             The game lasted 00:02:21 (2385 turns).

CryoSword the Firebug (Demigod Fire Elementalist)   Turns: 2385, Time: 00:02:22

Health: -9/33      AC:  3    Str:  9    XL:     4   Next: 17%
Magic:  3/9        EV: 12    Int: 21    God:
Gold:   114        SH:  0    Dex: 14    Spells: 3/6 levels left

rFire   . . .      SeeInvis .    i - +1 falchion (freeze)
rCold   . . .      Faith    .    (no shield)
rNeg    . . .      Spirit   .    a - +0 robe
rPois   .          Reflect  .    (no helmet)
rElec   .          Rampage  .    c - +0 cloak
rCorr   .                        (no gloves)
Will    .....                    (no boots)
Stlth   ++                       (no amulet)
HPRegen 0.25/turn                (no ring)
MPRegen 0.11/turn                (no ring)

@: lethally poisoned (-9 -> -15)
A: high MP 1, forlorn, divine attributes
a: no special abilities


You were on level 2 of the Dungeon.
You visited 1 branch of the dungeon, and saw 2 of its levels.

You collected 114 gold pieces.

Inventory:

Hand Weapons
 i - a +1 falchion of freezing (weapon)
   (You found it on level 1 of the Dungeon)
Missiles
 g - a throwing net
 h - 5 poisoned darts
Armour
 a - a +0 robe (worn)
 c - a +0 cloak (worn)
   (You found it on level 1 of the Dungeon)
Scrolls
 d - a scroll of silence {unknown}
 e - 4 scrolls of noise {unknown}
 m - a scroll of identify {unknown}
 n - a scroll of enchant armour {unknown}
Potions
 b - a potion of magic
 f - a potion of lignification {unknown}
 j - 2 potions of heal wounds {unknown}
 k - a potion of might {unknown}
 l - a potion of curing {unknown}


   Skills:
 + Level 1.4 Maces & Flails
 - Level 1.7 Dodging
 - Level 1.7 Stealth
 - Level 1.7 Spellcasting
 + Level 2.5 Conjurations
 + Level 3.6 Fire Magic


You had 3 spell levels left.
You knew the following spells:

 Your Spells              Type           Power      Damage    Failure   Level
a - Foxfire               Conj/Fire      56%        2x1d6     4%          1
b - Scorch                Fire           34%        2d6       5%          2

Your spell library contained the following spells:

 Spells                   Type           Power      Damage    Failure   Level
 Static Discharge         Conj/Air       14%        2-3/arc   14%         2
 Freeze                   Ice            4%         1d3       16%         1
 Inner Flame              Hex/Fire       9%         N/A       22%         3
 Volatile Blastmotes      Fire/Tloc      18%        2d11      22%         3
 Hailstorm                Conj/Ice       7%         3d4       26%         3
 Frozen Ramparts          Ice            2%         1d1       41%         3
 Flame Wave               Conj/Fire      14%        2d6       38%         4
 Airstrike                Air            0%         2d(1-17)  83%         4
 Summon Lightning Spire   Summ/Air       1%         N/A       83%         4


Dungeon Overview and Level Annotations

Branches:
Dungeon (2/15)

Shops:
D:1 (

Annotations:
D:2 Crazy Yiuf


Innate Abilities, Weirdness & Mutations

You have an increased reservoir of magic. (+10% MP)
You shall have no god before yourself.
Your divine heritage dramatically boosts your attributes as you level up.


Message History

You add the spells Static Discharge, Airstrike and Summon Lightning Spire to your library.
There is a snail-covered altar of Cheibriados here.
A dart slug comes into view.
A dart slug is nearby!
A dart slug is nearby!
A dart slug is nearby!
Flames lash the dart slug.
The dart slug's fire resistance burns away.
A dart slug is nearby!
Flames lash the dart slug.
The dart slug is burned terribly!
You kill the dart slug!
Found 7 stones.
You now have 62 gold pieces (gained 4).
You see here 7 stones.
A rat comes into view.
The rat moves out of view.
You see here a staff of death.
You now have 76 gold pieces (gained 14).
A rat is nearby!
A rat is nearby!
No target in view!
No target in view!
No target in view!
The rat closely misses you.
Flames lash the rat.
You kill the rat!
A giant cockroach comes into view.
A giant cockroach is nearby!
A giant cockroach is nearby!
A giant cockroach is nearby!
You now have 83 gold pieces (gained 7).
No target in view!
No target in view!
Natasha, Servant of Life and Death comes into view.
Natasha hisses angrily.
You conjure some foxfire!
Flames lash Natasha.
Natasha's fire resistance burns away.
The foxfire hits Natasha.
You conjure some foxfire!
Natasha drinks a potion.
Natasha flickers and vanishes!
Deactivating autopickup; reactivate with Ctrl-A.
You can't see any susceptible monsters within range! (Use Z to cast anyway.) Unknown command.
You conjure some foxfire!
The foxfire hits something! x2
Reactivating autopickup.
You feel a bit more experienced.
Your Maces & Flails skill increases to level 1!
A giant cockroach is nearby!
A giant cockroach is nearby!
A giant cockroach is nearby!
You miscast Scorch.
You are very lightly contaminated with residual magic.
Nothing appears to happen.
The giant cockroach bites you but does no damage.
Flames lash the giant cockroach.
The giant cockroach's fire resistance burns away.
The giant cockroach closely misses you.
A giant cockroach is nearby!
A giant cockroach is nearby!
You completely miss the giant cockroach.
The giant cockroach is no longer more vulnerable to fire.
The giant cockroach barely misses you. x2
You hit the giant cockroach. You freeze the giant cockroach.
You kill the giant cockroach!
No target in view!
Your magical contamination has completely faded away.
You see here the felid corpse of Natasha.
Found a hammer.
Found a runed translucent door.
Crazy Yiuf shouts!
You see here the felid corpse of Natasha.
You see here a giant cockroach corpse.
A hobgoblin comes into view.
A hobgoblin is nearby!
A hobgoblin is nearby!
The hobgoblin shouts!
Flames lash the hobgoblin.
You kill the hobgoblin!
A quokka and a bat come into view.
Found 4 gold pieces.
The bat moves out of view.
A quokka is nearby!
A quokka is nearby!
Flames lash the quokka.
You kill the quokka!
Flames lash the bat.
You kill the bat!
You now have 87 gold pieces (gained 4).
A kobold comes into view. It is wielding a +0 dagger.
A kobold is nearby!
A kobold is nearby!
A kobold is nearby!
You miscast Scorch.
You are very lightly contaminated with residual magic.
Nothing appears to happen.
Flames lash the kobold.
You kill the kobold!
Your magical contamination has completely faded away.
You see here a +0 dagger.
You see here a +0 dagger.
A frilled lizard comes into view.
A frilled lizard is nearby!
A frilled lizard is nearby!
A frilled lizard is nearby!
Found 9 gold pieces.
Flames lash the frilled lizard.
You kill the frilled lizard!
Found a stone staircase leading down.
You now have 96 gold pieces (gained 9).
You now have 109 gold pieces (gained 13).
There is a stone staircase leading down here.
A giant cockroach comes into view.
A giant cockroach is nearby!
A giant cockroach is nearby!
A giant cockroach is nearby!
Flames lash the giant cockroach.
You kill the giant cockroach!
You now have 114 gold pieces (gained 5).
n - a scroll labelled RUSED WANOAXT
Found a short sword.
You see here a +0 short sword.
You see here 7 stones.
Natasha, Servant of Life and Death comes into view.
Flames lash Natasha.
Natasha hisses angrily.
Natasha's fire resistance burns away.
Natasha claws you.
Flames lash Natasha.
Natasha is burned terribly!
You kill Natasha!
Natasha screams in fury as she dies!
You have reached level 4!
You see here the felid corpse of Natasha.
Crazy Yiuf shouts!
Could not explore, unopened runed door.
Could not explore, unopened runed door.
Could not explore, unopened runed door.
You open the door.
Flames lash Crazy Yiuf.
Crazy Yiuf's fire resistance burns away.
Crazy Yiuf hits you with a +3 quarterstaff of chaos!
You are poisoned.
Flames lash Crazy Yiuf.
Crazy Yiuf is burned terribly!
You feel very sick.
Crazy Yiuf zaps a wand.
The bolt of dispelling energy hits you!
* * * LOW HITPOINT WARNING * * *
Flames lash Crazy Yiuf.
Crazy Yiuf is burned terribly!
* * * LOW HITPOINT WARNING * * *
You feel very sick.
Crazy Yiuf hits you with a +3 quarterstaff of chaos!
Ouch! That really hurt!
You die...

##........# #.##.# #.#
........#.# #.##.# #.#
#########.# #.##.# #.# #
####### ###### #.# # #....#
#.# # #.#### ♣♣♣♣♣#######.# #
#....# ### ♣♣♣.♣...'...#..# #
#..### #...#♣..♣......#...## #
#..# #...g@♣♣♣♣.......#†# #
#..# #)..#♣♣ ♣♣..'.###.#
#####..# ### ♣♣#### #.#
.......# #####.### #####..#
#.##..... ######.#### ###
#.##.###. ##...#.##.# ##.####
#.##.# #.
...#.#.##.###.....##### #.##.#
#.
##..).................###.##.#
#.


You could see Crazy Yiuf (combustible).

Vanquished Creatures
  Natasha (twice) (D:2)
  A worm (D:2)
  A dart slug (D:2)
  8 bats
  An endoplasm (D:2)
  3 giant cockroaches (D:2)
  4 hobgoblins
  4 jackals (D:1)
  3 quokkas
  3 ball pythons
  A frilled lizard (D:2)
  4 goblins
  A kobold (D:2)
  4 rats
40 creatures vanquished.

Vanquished Creatures (others)
  77 foxfires
77 creatures vanquished.

Grand Total: 117 creatures vanquished

Notes
Turn   | Place    | Note
-------+----------+-------------------------------------------
     0 | D:1      | CryoSword the Demigod Fire Elementalist began the quest for
                  | the Orb.
     0 | D:1      | Reached XP level 1. HP: 14/14 MP: 5/5
     6 | D:1      | Reached skill level 1 in Conjurations
   240 | D:1      | Reached skill level 3 in Fire Magic
   246 | D:1      | Reached XP level 2. HP: 20/20 MP: 1/7
   644 | D:1      | Found Deyxtiox's Antique Weapon Emporium.
   920 | D:1      | Learned a level 2 spell: Scorch
  1451 | D:2      | Reached XP level 3. HP: 26/26 MP: 3/8
  1770 | D:2      | Noticed Natasha
  1775 | D:2      | Killed Natasha
  1776 | D:2      | Reached skill level 1 in Maces & Flails
  1860 | D:2      | Found a runed translucent door.
  1861 | D:2      | Noticed Crazy Yiuf
  2281 | D:2      | Noticed Natasha
  2286 | D:2      | Killed Natasha
  2287 | D:2      | Reached XP level 4. HP: 27/33 MP: 4/9
  2385 | D:2      | Mangled by Crazy Yiuf

Illustrated notes

Levels and vault maps discovered:
D:1:      tarquinn_simple_flora_water_e, layout_basic, serial_shops,
          nicolae_shop_tiny_glass, minmay_misc_feat_diagonals,
          hangedman_decor_lopped, hangedman_decor_push
D:2:      layout_loops_ring, basic_altar, uniq_crazy_yiuf_cottage, uniq_natasha

Skill      XL: |  1  2  3 |
---------------+----------+-----
Conjurations   | 1 2 |  2.5
Fire Magic     | 3 |  3.6
Maces & Flails | 1 |  1.4
Dodging        | |  1.7
Stealth        | |  1.7
Spellcasting   | |  1.7

Action                     |  1- 3 |  4- 6 || total
---------------------------+-------+-------++-------
  Melee: Hand axe          |    16 |       ||    16
         Falchion          |     6 |       ||     6
         Club              |     3 |       ||     3
   Cast: Foxfire           |    50 |       ||    50
         Scorch            |    19 |     3 ||    22
   Stab: Sleeping          |     1 |       ||     1
 Armour: Robe              |     5 |       ||     5
  Dodge: Dodged            |    29 |       ||    29

Table legend: (Time is in decaauts)
 A = Elapsed time spent in this place.
 B = Non-inter-level travel time spent in this place.
 C = Inter-level travel time spent in this place.
 D = Time resting spent in this place.
 E = Time spent auto-exploring this place.
 F = Levels seen in this place.
 G = Mean time per level.
                   A        B        C        D        E       F      G
               +--------+--------+--------+--------+--------+-----+--------+
         Total |   2390 |   2311 |     79 |      0 |   2034 |   2 | 1195.0 |
       Dungeon |   2390 |   2311 |     79 |      0 |   2034 |   2 | 1195.0 |
               +--------+--------+--------+--------+--------+-----+--------+

Top non-repeatable levels by time:
     D:1: 1265 daAuts
     D:2: 1125 daAuts
